 Dungeon Crawl Stone Soup version 0.30-a0-719-gcc4359ea44 (webtiles) character file.

Game seed: 3691965990583209021

107 Dittersdorf the Trooper (level 4, -3/29 HPs)
             Began as a Gargoyle Fighter on Jan 26, 2023.
             Slain by an iguana (8 damage)
             ... on level 3 of the Dungeon.
             The game lasted 00:02:38 (2084 turns).

Dittersdorf the Trooper (Gargoyle Fighter)          Turns: 2084, Time: 00:02:38

Health: -3/29      AC: 11    Str: 21    XL:     4   Next: 85%
Magic:  4/4        EV:  9    Int:  9    God:
Gold:   70         SH:  0    Dex:  9    Spells: 3/3 levels left

rFire   . . .      SeeInvis .    a - +0 flail
rCold   . . .      Faith    .    c - +0 buckler
rNeg    + . .      Spirit   .    b - +0 scale mail
rPois   ∞          Reflect  .    (no helmet)
rElec   +          Harm     .    j - +0 cloak
rCorr   .          Rampage  .    (no gloves)
Will    .....                    (no boots) Stlth
                                 (no amulet)
HPRegen 0.24/turn                (no ring)
MPRegen 0.09/turn                (no ring)

@: confused
A: sickness immunity, AC +3, negative energy resistance 1, electricity
resistance, torment resistance 1, petrification resistance
a: no special abilities


You were on level 3 of the Dungeon.
You visited 1 branch of the dungeon, and saw 4 of its levels.

You collected 70 gold pieces.

Inventory:

Hand Weapons
 a - a +0 flail (weapon)
Armour
 b - a +0 scale mail (worn)
 c - a +0 buckler (worn)
 j - a +0 cloak (worn)
Jewellery
 e - a ring of ice
Scrolls
 f - a scroll of butterflies {unknown}
 g - 2 scrolls of identify {unknown}
 h - 2 scrolls of vulnerability {unknown}
 i - 2 scrolls of brand weapon {unknown}
 l - a scroll of blinking {unknown}
 o - 3 scrolls of noise {unknown}
 p - a scroll of fear {unknown}
Potions
 d - a potion of might
 k - a potion of degeneration {unknown}
 m - a potion of magic {unknown}
 n - a potion of attraction {unknown}


   Skills:
 + Level 4.1 Fighting
 + Level 2.9 Maces & Flails
 + Level 4.1 Armour
 + Level 4.1 Shields


You had 3 spell levels left.
You didn't know any spells.
Your spell library was empty.

Dungeon Overview and Level Annotations

Branches:
Dungeon (4/15)
 Temple: D:4-7

Altars:

Shops:
D:2 (

Annotations:
D:3 1 runed translucent door, Bediveer's ghost, amateur DsAr; Ijyb


Innate Abilities, Weirdness & Mutations

You are immune to sickness and miasma.
Your stone body is resilient. (AC +3)
You are immune to poison.
You resist negative energy. (rN+)
You are resistant to electric shocks. (rElec)
You are resistant to unholy torment.
You are immune to petrification.


Message History

Found a cyan potion.
There is a stone staircase leading up here.
An iguana is nearby!
Ijyb the Twisted Goblin comes into view.
She is wielding a +0 club and carrying a wand of charming (15).
Ijyb shouts!
The iguana misses you.
You hit the iguana but do no damage. The iguana barely misses you.
You barely miss the iguana. The iguana bites you.
You barely miss the iguana.
Ijyb screams, "Die!"
The iguana bites you.
You barely miss Ijyb. Ijyb hits you but does no damage. The iguana bites you.
Ijyb closely misses you.
The iguana bites you but does no damage.
You miss Ijyb. Ijyb barely misses you.
The iguana hisses menacingly.
The iguana misses you.
You closely miss Ijyb. Ijyb hits you with a +0 club. The iguana bites you!
You are too injured to fight recklessly!
You are too injured to fight recklessly!
You are too injured to fight recklessly!
You are too injured to fight recklessly!
You are too injured to fight recklessly!
Ijyb attacks as you move away! Ijyb hits you but does no damage.
There is a stone staircase leading up here.
Ijyb hits you but does no damage. The iguana barely misses you.
You climb upwards.
Level annotation: 1 runed translucent door, Bediveer's ghost, amateur DsAr
There is a stone staircase leading down here.
Ijyb zaps a wand.
Your will is overpowered!
You are confused.
The iguana closely misses you. The iguana attacks as you move away!
The iguana bites you!
* * * LOW HITPOINT WARNING * * *
Ijyb zaps a wand.
Your will is overpowered!
You are more confused.
You barely miss the iguana. The iguana barely misses you.
You bump into the rock wall.
The iguana barely misses you.
You bump into the rock wall.
The iguana bites you!
You die...

### ### #.# #.#
#.# #.#
#.#######.####
#............#
#[#######'#### #@#
#....# ####
#l#####....# #...
#g..[.'....# #...
#.#####....# #...
#.#####....# #...
#..........####...
#.................
#.........########
#.......[.#


You could see Ijyb and an iguana.

Vanquished Creatures
  4 adders
  A worm (D:3)
  4 dart slugs
  7 endoplasms
  5 giant cockroaches
  2 goblins (D:1)
  A hobgoblin (D:1)
  8 jackals
  2 kobolds (D:1)
  3 quokkas (D:1)
  5 ball pythons
  3 bats
  2 frilled lizards (D:1)
  10 rats
57 creatures vanquished.

Vanquished Creatures (others)
  6 withered plants (D:2)
6 creatures vanquished.

Grand Total: 63 creatures vanquished

Notes
Turn   | Place    | Note
-------+----------+-------------------------------------------
     0 | D:1      | Dittersdorf the Gargoyle Fighter began the quest for the
                  | Orb.
     0 | D:1      | Reached XP level 1. HP: 14/14 MP: 1/1
   136 | D:1      | Reached XP level 2. HP: 17/19 MP: 2/2
   395 | D:1      | Reached XP level 3. HP: 23/23 MP: 3/3
   837 | D:2      | Reached XP level 4. HP: 25/29 MP: 4/4
   854 | D:2      | Found Nurraah's Antique Weapon Boutique.
  1307 | D:2      | Found a faded altar of an unknown god.
  1457 | D:3      | Found a runed translucent door.
  1524 | D:3      | Noticed Bediveer's ghost (amateur DsAr)
  2068 | D:4      | Noticed Ijyb
  2084 | D:3      | Slain by an iguana

Illustrated notes

Levels and vault maps discovered:
D:1:      shiori_arrival_maze, layout_loops_ring
D:2:      layout_loops_cross, shapermc_ecumenical_altar_flowoftime,
          serial_shops, shop
D:3:      layout_basic, ebering_ghost_reflecting_pool
D:4:      layout_gridville, grunt_decor_mini_mirrors, roderic_nine_men_s_morris,
          uniq_menkaure, uniq_crazy_yiuf_cottage, uniq_ijyb

Skill      XL: |  1  2  3  4 |
---------------+-------------+-----
Fighting       | 4 |  4.1
Shields        | 4 |  4.1
Armour         | 4 |  4.1
Maces & Flails | |  2.9

Action                     |  1- 3 |  4- 6 || total
---------------------------+-------+-------++-------
  Melee: Flail             |    98 |    81 ||   179
 Armour: Scale mail        |    53 |    49 ||   102
  Dodge: Dodged            |    42 |    51 ||    93
  Block: Buckler           |    14 |    14 ||    28

Table legend: (Time is in decaauts)
 A = Elapsed time spent in this place.
 B = Non-inter-level travel time spent in this place.
 C = Inter-level travel time spent in this place.
 D = Time resting spent in this place.
 E = Time spent auto-exploring this place.
 F = Levels seen in this place.
 G = Mean time per level.
                   A        B        C        D        E       F      G
               +--------+--------+--------+--------+--------+-----+--------+
         Total |   2140 |   2030 |    110 |      0 |   1595 |   4 |  535.0 |
       Dungeon |   2140 |   2030 |    110 |      0 |   1595 |   4 |  535.0 |
               +--------+--------+--------+--------+--------+-----+--------+

Top non-repeatable levels by time:
     D:1: 756 daAuts
     D:2: 697 daAuts
     D:3: 673 daAuts
     D:4: 13 daAuts
